 Dungeon Crawl Stone Soup version 0.26.1-11-gd32895ea62 (webtiles) character file.

Game seed: 14924516002772827598

57 Descartes the Scratcher (level 3, -7/18 HPs)
             Began as a Felid Wanderer on July 21, 2021.
             Mangled by a gnoll
             ... wielding a +1 halberd of protection
              (14 damage)
             ... on level 1 of the Dungeon.
             The game lasted 00:02:29 (2653 turns).

Descartes the Scratcher (Felid Wanderer)            Turns: 2653, Time: 00:02:30

Health: -7/18      AC:  1    Str:  9    XL:     3   Next: 73%
Magic:  4/4        EV: 17    Int: 13    God:
Gold:   88         SH:  0    Dex: 15    Spells: 2/2 levels left
                                        Lives:  0   Deaths: 0

rFire    . . .     SeeInvis +     - Unarmed
rCold    . . .     Faith    .   (shield unavailable)
rNeg     . . .     Spirit   .   (armour unavailable)
rPois    .         Reflect  .   (helmet unavailable)
rElec    .         Harm     .   (cloak unavailable)
rCorr    .         Rampage  .   (gloves unavailable)
Will     .....                  (boots unavailable)
Stlth    +++.......             (no amulet)
HPRegen  0.06/turn              (no ring)
MPRegen  0.09/turn              (no ring)

@: quick
A: very small, no armour, no weapons or thrown items, stealth, claws 1, fangs 3,
see invisible, speed 1, shaggy fur 1, sharp paws
a: no special abilities


You were on level 1 of the Dungeon.
You visited 1 branch of the dungeon, and saw 2 of its levels.

You collected 88 gold pieces.

Inventory:

Missiles
 l - 34 stones
Jewellery
 e - an uncursed ring of magical power {unknown}
Scrolls
 a - 2 scrolls of fear
 c - a scroll of teleportation
 h - 2 scrolls of enchant armour {unknown}
 j - a scroll of magic mapping {unknown}
Potions
 b - a potion of lignification
 d - a potion of ambrosia {unknown}
 f - a potion of magic {unknown}
 g - a potion of attraction {unknown}
 i - 4 potions of curing {unknown}
 k - a potion of brilliance {unknown}


   Skills:
 - Level 4.0 Fighting
 + Level 2.4 Dodging
 + Level 4.1 Stealth
 + Level 4.5 Unarmed Combat


You had 2 spell levels left.
You didn't know any spells.
Your spell library was empty.

Dungeon Overview and Level Annotations

Branches:
Dungeon (2/15)

Altars:


Innate Abilities, Weirdness & Mutations

You cannot wear armour.
You are incapable of wielding weapons or throwing items.
Your paws allow you to move quietly. (Stealth)
You have sharp claws.
You have razor-sharp teeth.
You have supernaturally acute eyesight. (SInv)
You cover ground quickly.
You are covered in fur. (AC +1)
Your sharp claws are effective at attacking unaware monsters.


Message History

You start resting.
A gnoll opens the door.
It is wielding a +1 halberd of protection.
The gnoll closely misses you.
There is an open door here.
You scratch the gnoll.
The gnoll is moderately wounded.
The gnoll closely misses you.
You closely miss the gnoll.
The gnoll is moderately wounded.
The gnoll closely misses you.
You scratch the gnoll but do no damage.
The gnoll is moderately wounded.
You barely miss the gnoll.
The gnoll is moderately wounded.
The gnoll closely misses you.
You barely miss the gnoll.
The gnoll is moderately wounded.
The gnoll hits you with a +1 halberd of protection!
Ouch! That really hurt!
You die...

#.### ##.....########.###
##.#.### ##.......## ##..#
###......###.........####...##
.....................'.......#
.##......###รท........####...##
.##....#.# #........######..##
.##......# #.#.....##........#
.##.#.##.# #.##.g.###.####...##
.##.#.##.###.###@## #.###.....##
.##.#........# #.# #.##.......##
.##......#######.####.#.........#
########.# #..)..##.##.....).##
#.# #.....##.###.....## #.#
#.....##........## #.#
#.....######.#.##
#.#####.#..........###
#.......###.########


You could see a gnoll.

Vanquished Creatures
  An adder (D:2)
  A worm (D:2)
  2 dart slugs (D:1)
  4 giant cockroaches (D:1)
  7 goblins
  5 hobgoblins
  A quokka (D:2)
  A ball python (D:2)
  4 bats
  3 frilled lizards (D:1)
  6 kobolds
  6 rats
41 creatures vanquished.

Notes
Turn   | Place    | Note
-------+----------+-------------------------------------------
     0 | D:1      | Descartes the Felid Wanderer began the quest for the Orb.
     0 | D:1      | Descartes set off with the following items: a scroll of
                  | fear, a potion of lignification, a scroll of teleportation
     0 | D:1      | Reached XP level 1. HP: 11/11 MP: 2/2
   342 | D:1      | Reached skill level 1 in Dodging
   355 | D:1      | Reached XP level 2. HP: 5/15 MP: 3/3
  1406 | D:1      | Reached XP level 3. HP: 18/18 MP: 4/4
  2653 | D:1      | Mangled by a gnoll

Illustrated notes

Levels and vault maps discovered:
D:1:      matt_arrival_grand_opening, layout_loops_corners,
          hangedman_abyss_or_decor_lesser_grid
D:2:      layout_loops_corners, chequers_ecumenical_altar_simple_redux

Skill      XL: |  1  2  3 |
---------------+----------+-----
Stealth        | 3 4 |  4.1
Dodging        | 1 2 |  2.4
Fighting       | |  4.0
Unarmed Combat | |  4.5

Action                   || total
-------------------------++-------
Melee: Unarmed           ||   120
       Bite              ||     6
       Punch             ||     1
 Stab: Sleeping          ||    11
Armor: Skin              ||     2
Dodge: Dodged            ||    72
